 Dungeon Crawl Stone Soup version 0.30-a0-585-g93115170b9 (webtiles) character file.

Game seed: 946178807559879757

3876 Iich the Grappler (level 10, -3/87 HPs)
             Began as a Troll Gladiator on Jan 1, 2023.
             Was an Elder of Okawaru.
             Slain by a hornet (4 damage)
             ... on level 8 of the Dungeon.
             The game lasted 00:15:17 (6035 turns).

Iich the Grappler (Troll Gladiator)                 Turns: 6035, Time: 00:15:17

Health: -3/87      AC:  7    Str: 24    XL:     10   Next: 0%
Magic:  9/9        EV: 13    Int:  4    God:    Okawaru [****..]
Gold:   1296       SH:  0    Dex: 15    Spells: 9/9 levels left

rFire   . . .      SeeInvis +      - Unarmed
rCold   . . .      Faith    .    (no shield)
rNeg    . . .      Spirit   .    a - +0 robe
rPois   .          Reflect  .    p - +2 hat
rElec   .          Harm     .    A - +0 cloak
rCorr   .          Rampage  .    (gloves unavailable)
Will    +....                    (boots unavailable)
Stlth   +                        (no amulet)
HPRegen 1.14/turn                c - ring of willpower
MPRegen 0.11/turn                (no ring)

@: lethally poisoned (-3 -> -4), slowed, very slow
A: large, unfitting armour, claws 3, regeneration 1, shaggy fur 1, tough skin 1,
see invisible, mutation resistance 1
a: Renounce Religion, Heroism, Finesse


You were on level 8 of the Dungeon.
You worshipped Okawaru.
Okawaru was greatly pleased with you.
You visited 2 branches of the dungeon, and saw 9 of its levels.
You also visited: Ossuary.

You collected 1296 gold pieces.

Inventory:

Hand Weapons
 b - the +10 sling "Jellybane" {drain, rPois rF+ Will-}
   (You found it on level 4 of the Dungeon)

   A truly terrible weapon, it drains the life of any living foe it strikes.
   rF:        It protects you from fire.
   rPois:     It protects you from poison.
   Will:      It decreases your willpower.
 f - a +0 giant spiked club
Missiles
 d - 5 large rocks (quivered)
 l - 3 throwing nets
Armour
 a - a +0 robe (worn)
 p - a +2 hat (worn)
 A - a +0 cloak (worn)
Jewellery
 c - a ring of willpower (left claw)
Wands
 u - a wand of polymorph (11)
 B - a wand of flame (18)
 D - a wand of roots (3)
 G - a wand of quicksilver (9)
Scrolls
 g - 3 scrolls of fear
 j - 2 scrolls of identify
 k - 5 scrolls of teleportation
 o - a scroll of poison
 r - 2 scrolls of enchant weapon
 t - a scroll of noise
 v - a scroll of fog
 x - 2 scrolls of vulnerability
 y - a scroll of immolation
 F - a scroll of torment
Potions
 e - 2 potions of mutation
 h - a potion of lignification
 i - 2 potions of degeneration
 m - a potion of magic
 n - a potion of brilliance
 q - 2 potions of curing
 w - a potion of cancellation
 z - 4 potions of haste
 C - a potion of berserk rage
 E - 2 potions of invisibility


   Skills:
 - Level 1.8 Fighting
 - Level 0.2(0.5) Short Blades
 - Level 0.7(0.8) Long Blades
 - Level 0.2(0.6) Axes
 - Level 0.5(0.8) Maces & Flails
 - Level 0.5(0.7) Polearms
 - Level 0.2(0.6) Staves
 * Level 3.1 Throwing
 - Level 0.2 Armour
 + Level 7.3 Dodging
 - Level 0.4 Shields
 + Level 10.9 Unarmed Combat
 - Level 0.1 Spellcasting
 - Level 0.2 Conjurations
 - Level 0.2 Hexes
 + Level 0.2 Summonings
 - Level 0.3 Necromancy
 - Level 0.4 Translocations
 - Level 0.4 Transmutations
 - Level 0.3 Fire Magic
 - Level 0.4 Ice Magic
 - Level 0.2 Air Magic
 - Level 0.4 Earth Magic
 - Level 0.3 Poison Magic
 - Level 0.4 Invocations
 - Level 0.3 Evocations


You had 9 spell levels left.
You didn't know any spells.
Your spell library contained the following spells:

 Spells                   Type           Power      Damage    Failure   Level
 Apportation              Tloc           0%         N/A       43%         1
 Magic Dart               Conj           0%         1d3       45%         1
 Necrotise                Necr           0%         1d4       45%         1
 Cigotuvi's Dreadful Rot  Necr/Pois/Air  0%         N/A       58%         2
 Poisonous Vapours        Pois/Air       0%         N/A       61%         2
 Mephitic Cloud           Conj/Pois/Air  0%         N/A       83%         3
 Airstrike                Air            0%         2d(0-16)  99%         4
 Lightning Bolt           Conj/Air       0%         1d11      100%        5
 Summon Small Mammal      Summ           Unusable   N/A       N/A         1
 Call Imp                 Summ           Unusable   N/A       N/A         2
 Summon Lightning Spire   Summ/Air       Unusable   N/A       N/A         4

Dungeon Overview and Level Annotations

Branches:
Dungeon (8/15)             Temple (1/1) D:4         Ossuary (visited)
   Lair: D:8-11

Altars:
Cheibriados
Fedhas
Gozag
Kikubaaqudgha
Makhleb
Okawaru
Qazlal
Ru
Sif Muna
Trog
Uskayaw

Shops:
D:6 :

Annotations:
D:8 Erica


Innate Abilities, Weirdness & Mutations

You are too large for most types of armour.
You have claws for hands.
Your natural rate of healing is unusually fast.
You are covered in fur. (AC +1)
You have tough skin. (AC +1)
You have supernaturally acute eyesight. (SInv)
You are somewhat resistant to further mutation.


Message History

Erica is heavily wounded.
You feel very sick. The hornet stings you!
You feel as though you will be slow longer.
The hornet stings you!
You feel as though you will be slow longer.
Erica hits you with a +0 scimitar of flaming.
Erica burns you.
You mangle Erica!! Your claw misses Erica.
Erica is severely wounded.
You feel sick. The hornet stings you!
You are more poisoned.
You feel as though you will be slow longer.
Erica hits you with a +0 scimitar of flaming!
* * * LOW HITPOINT WARNING * * *
Erica burns you.
* * * LOW HITPOINT WARNING * * *
The hornet barely misses you.
You feel much better.
You feel very sick. The hornet stings you!
You feel as though you will be slow longer.
Erica laughs wildly.
Erica gestures at you while chanting.
You feel as though you will be slow longer.
The hornet barely misses you.
You scratch Erica.
Erica is almost dead.
You feel very sick.
Erica hits you with a +0 scimitar of flaming!
* * * LOW HITPOINT WARNING * * *
Erica burns you.
* * * LOW HITPOINT WARNING * * *
The hornet closely misses you.
Erica hits you with a +0 scimitar of flaming!
* * * LOW HITPOINT WARNING * * *
Erica burns you.
* * * LOW HITPOINT WARNING * * *
The hornet stings you.
You die...

.##.#..#..#.....#..#.#...#.#.#
.##.#...........#.##.#.......##
..........#.....#..<.#...#.....#
##...####.#######.#...)....#.....
.+....# #... ..#..............
##....# ########.......###....
.....# ...#.'..............
#...... #####@#.#.......##..
#....### #=....@.#.......# ..
#...## ....#..y##.##.#### . .
#..o##.##.# ......#....#
......#.###### ###... .# #.#. .#
..). .#


You could see Erica, a hornet and an orc.

Vanquished Creatures
  A two-headed ogre (D:8)
  A wyvern (D:7)
  Eustachio (D:5)
  Edmund (D:5)
  3 water moccasins
  Duvessa (D:4)
  2 ice beasts
  A sky beast (D:6)
  4 ogres
  A phantom (D:5)
  2 bullfrogs
  A scorpion (D:6)
  8 wights
  Dowan (D:4)
  A troll zombie (Ossuary)
  6 killer bees (D:8)
  3 centaur zombies (Ossuary)
  A jelly (D:6)
  A human zombie (Ossuary)
  Crazy Yiuf (D:5)
  An orc priest (D:6)
  Terence (D:3)
  3 iguanas
  6 orc wizards
  An ogre zombie (Ossuary)
  7 mummies (Ossuary)
  A gnoll (D:1)
  6 adders
  3 white imps
  3 adder zombies (Ossuary)
  A dart slug (D:2)
  17 orcs
  2 ball pythons
  7 bats
  6 endoplasms
  2 giant cockroaches
  4 goblins
  6 hobgoblins
  4 jackals (D:1)
  5 kobolds
  3 quokkas
  6 frilled lizards
  6 goblin zombies (Ossuary)
  5 hobgoblin zombies (Ossuary)
  3 kobold zombies (Ossuary)
  6 quokka zombies (Ossuary)
  4 rats
  A rat zombie (Ossuary)
161 creatures vanquished.

Vanquished Creatures (others)
  A sky beast (D:7)
  An orc wizard (D:6)
  A fungus (D:5)
3 creatures vanquished.

Grand Total: 164 creatures vanquished

Notes
Turn   | Place    | Note
-------+----------+-------------------------------------------
     0 | D:1      | Iich the Troll Gladiator began the quest for the Orb.
     0 | D:1      | Reached XP level 1. HP: 19/19 MP: 0/0
   156 | D:1      | Reached XP level 2. HP: 27/27 MP: 1/1
   441 | D:1      | Reached XP level 3. HP: 31/35 MP: 2/2
   753 | D:2      | Reached skill level 4 in Unarmed Combat
  1088 | D:3      | Noticed a golden eye
  1097 | D:3      | Found a faded altar of an unknown god.
  1098 | D:3      | Noticed a floating eye
  1106 | D:3      | Noticed a golden eye
  1106 | D:3      | Noticed a golden eye
  1143 | D:3      | Noticed Terence
  1154 | D:3      | Killed Terence
  1155 | D:3      | Reached XP level 4. HP: 27/42 MP: 3/3
  1671 | D:3      | Found a bloodstained altar of Trog.
  1675 | D:3      | Found a burning altar of Makhleb.
  1678 | D:3      | Found a blossoming altar of Fedhas.
  1851 | D:4      | Reached skill level 5 in Unarmed Combat
  1908 | D:4      | Noticed Duvessa
  1909 | D:4      | Noticed Dowan
  1913 | D:4      | Killed Duvessa
  1914 | D:4      | Reached XP level 5. HP: 30/49 MP: 4/4
  1919 | D:4      | Killed Dowan
  1920 | D:4      | Reached skill level 6 in Unarmed Combat
  1949 | D:4      | Identified the +10 sling "Jellybane" {drain, rPois rF+
                  | Will-}
  1954 | D:4      | Reached XP level 6. HP: 56/57 MP: 5/5
  2249 | D:4      | Found a staircase to the Ecumenical Temple.
  2258 | Temple   | Entered the Ecumenical Temple
  2264 | Temple   | Became a worshipper of Warmaster Okawaru
  2438 | D:5      | Entered Level 5 of the Dungeon
  2452 | D:5      | Reached skill level 7 in Unarmed Combat
  2563 | D:5      | Reached XP level 7. HP: 63/63 MP: 6/6
  2726 | D:5      | Noticed Eustachio
  2733 | D:5      | Reached * piety under Okawaru
  2734 | D:5      | Reached skill level 8 in Unarmed Combat
  2737 | D:5      | Gained mutation: You are somewhat resistant to further
                  | mutation. [potion of mutation]
  2737 | D:5      | Gained mutation: You have supernaturally acute eyesight.
                  | (SInv) [potion of mutation]
  2751 | D:5      | Killed Eustachio
  3165 | D:5      | Noticed Edmund
  3188 | D:5      | Killed Edmund
  3189 | D:5      | Reached skill level 9 in Unarmed Combat
  3296 | D:5      | Found a runed translucent door.
  3297 | D:5      | Noticed Crazy Yiuf
  3352 | D:5      | Killed Crazy Yiuf
  3480 | D:6      | Reached XP level 8. HP: 36/72 MP: 7/7
  3591 | D:6      | Found Saelass's Book Shop.
  3618 | D:6      | Reached ** piety under Okawaru
  3619 | D:6      | Reached skill level 10 in Unarmed Combat
  4363 | D:6      | Identified a scroll of acquirement
  4374 | D:6      | Acquired 675 gold pieces
  4473 | D:7      | Reached *** piety under Okawaru
  4474 | D:7      | Reached skill level 5 in Dodging
  4474 | D:7      | Reached XP level 9. HP: 51/79 MP: 8/8
  4736 | D:7      | Found a sand-covered staircase.
  4745 | Ossuary  | Entered an ossuary
  5673 | D:8      | Identified the +2 leather armour of Privacy {Will+ Int+5}
  5978 | D:8      | Noticed a two-headed ogre
  5986 | D:8      | Killed a two-headed ogre
  5986 | D:8      | Reached **** piety under Okawaru
  5987 | D:8      | Reached XP level 10. HP: 66/87 MP: 9/9
  6028 | D:8      | Noticed Erica
  6035 | D:8      | HP: 1/87 [Erica/+0 scimitar of flaming (4)]
  6035 | D:8      | Slain by a hornet

Illustrated notes

Levels and vault maps discovered:
D:1:      roderic_dead_forest, layout_basic, moated_statue,
          hangedman_glass_garden
D:2:      layout_rooms
D:3:      layout_basic, grunt_temple_overflow_diamond,
          hellmonk_ecumenical_altar_watching_god, uniq_terence
D:4:      layout_loops_ring, minmay_temple_entry_fiery, uniq_duvessa
D:5:      layout_loops_ring, uniq_grinder, uniq_edmund, uniq_eustachio,
          uniq_crazy_yiuf_cottage
D:6:      layout_loops_ring, serial_shops, shop, kennysheep_generic_room_13
D:7:      layout_basic, nicolae_ossuary_entry_ruins
D:8:      layout_basic, uniq_erica, uniq_amaemon
Temple:   eino_narrow_crystal_temple

Skill      XL: |  1  2  3  4  5  6  7  8  9 |
---------------+----------------------------+-----
Unarmed Combat | 4 5 6 7 9 10 | 10.9
Throwing       | 2 3 |  3.1
Dodging        | 3 5 7 |  7.3
Fighting       | |  1.8
Short Blades   | |  0.2
Long Blades    | |  0.7
Axes           | |  0.2
Maces & Flails | |  0.5
Polearms       | |  0.5
Staves         | |  0.2
Armour         | |  0.2
Shields        | |  0.4
Spellcasting   | |  0.1
Conjurations   | |  0.2
Hexes          | |  0.2
Summonings     | |  0.2
Necromancy     | |  0.3
Translocations | |  0.4
Transmutations | |  0.4
Fire Magic     | |  0.3
Ice Magic      | |  0.4
Air Magic      | |  0.2
Earth Magic    | |  0.4
Poison Magic   | |  0.3
Invocations    | |  0.4
Evocations     | |  0.3

Action                   |  1- 3 |  4- 6 |  7- 9 | 10-12 || total
-------------------------+-------+-------+-------+-------++-------
Melee: Unarmed           |   106 |    38 |   272 |     5 ||   421
       Punch             |     2 |       |    17 |       ||    19
 Fire: Sling             |       |    23 |    18 |       ||    41
Throw: Large rock        |       |       |     7 |       ||     7
  Use: Potion            |       |       |    13 |     1 ||    14
       Scroll            |       |       |    22 |       ||    22
 Stab: Sleeping          |     1 |       |     1 |       ||     2
       Confused          |       |       |     1 |       ||     1
       Distracted        |       |       |     1 |       ||     1
Armor: Robe              |    38 |    12 |    75 |     1 ||   126
       Skin              |       |       |    46 |       ||    46
Dodge: Dodged            |    59 |    26 |   189 |     6 ||   280

Table legend: (Time is in decaauts)
 A = Elapsed time spent in this place.
 B = Non-inter-level travel time spent in this place.
 C = Inter-level travel time spent in this place.
 D = Time resting spent in this place.
 E = Time spent auto-exploring this place.
 F = Levels seen in this place.
 G = Mean time per level.
                   A        B        C        D        E       F      G
               +--------+--------+--------+--------+--------+-----+--------+
         Total |   6003 |   5828 |    175 |    581 |   4075 |  10 |  600.3 |
       Dungeon |   5380 |   5205 |    175 |    415 |   3806 |   8 |  672.5 |
        Temple |     12 |     12 |      0 |      0 |      0 |   1 |   12.0 |
       Ossuary |    610 |    610 |      0 |    166 |    269 |   1 |  610.0 |
               +--------+--------+--------+--------+--------+-----+--------+

Top non-repeatable levels by time:
     D:6: 1017 daAuts
     D:5: 1002 daAuts
     D:3: 713 daAuts
     D:1: 645 daAuts
     D:4: 624 daAuts
 Ossuary: 610 daAuts
     D:7: 569 daAuts
     D:2: 431 daAuts
     D:8: 375 daAuts
  Temple: 12 daAuts
